 Dungeon Sprint DCSS version 0.29-a0-369-gd956c00756 (webtiles) character file.

Game seed: 5370437277742935102

1685 jfcaron the Covert (level 9, 0/72 HPs)
             Began as a Gnoll Enchanter on May 2, 2022.
             Was a Believer of Sif Muna.
             Slain by a demonic crawler (6 damage)
             ... in the Dungeon (Sprint I: "Red Sonja").
             The game lasted 00:07:35 (931 turns).

jfcaron the Covert (Gnoll Enchanter)                 Turns: 931, Time: 00:07:36

Health: 0/72       AC:  4    Str: 10    XL:     9   Next: 2%
Magic:  20/21      EV: 15    Int: 17    God:    Sif Muna [**....]
Gold:   290        SH:  0    Dex: 12    Spells: 14/25 levels left

rFire   . . .      SeeInvis .   a - +2 dagger (flame)
rCold   . . .      Faith    .   (no shield)
rNeg    . . .      Spirit   .   d - +2 robe {Will+}
rPois   .          Reflect  .   (no helmet)
rElec   .          Harm     .   (no cloak)
rCorr   .          Rampage  .   (no gloves)
Will    +....      NoTele   +   (no boots)
Stlth   ++++......              (no amulet)
HPRegen 0.22/turn               (no ring)
MPRegen 0.17/turn               (no ring)

@: no status effects
A: fangs 1, strong nose, distributed training
a: Renounce Religion, Channel Magic


You were in the Dungeon.
You worshipped Sif Muna.
Sif Muna was pleased with you.
You visited 1 branch You collected 405 gold pieces.
You spent 115 gold pieces at shops.

Inventory:

Hand Weapons
 a - a +2 dagger of flaming (weapon)
Missiles
 k - 12 stones (quivered)
Armour
 d - a +2 robe of willpower (worn)
Wands
 j - a wand of iceblast (4)
Potions
 b - a potion of mutation
 c - a potion of invisibility
 e - a potion of heal wounds
 g - 2 potions of magic
 h - a potion of berserk rage


   Skills:
 + Level 7.1 Fighting
 + Level 7.6 Short Blades
 + Level 7.1 Long Blades
 + Level 7.1 Axes
 + Level 7.1 Maces & Flails
 + Level 7.1 Polearms
 + Level 7.1 Staves
 + Level 7.1 Slings
 + Level 7.1 Bows
 + Level 7.1 Crossbows
 + Level 7.1 Throwing
 + Level 7.1 Armour
 + Level 8.5 Dodging
 + Level 9.4 Stealth
 + Level 7.1 Shields
 + Level 7.1 Unarmed Combat
 + Level 8.8 Spellcasting
 + Level 5.9 Conjurations
 + Level 8.1 Hexes
 + Level 5.9 Summonings
 + Level 5.9 Necromancy
 + Level 5.9 Translocations
 + Level 5.9 Transmutations
 + Level 5.9 Fire Magic
 + Level 5.9 Ice Magic
 + Level 5.9 Air Magic
 + Level 5.9 Earth Magic
 + Level 5.9 Poison Magic
 + Level 7.8 Invocations
 + Level 7.1 Evocations


You had 14 spell levels left.
You knew the following spells:

 Your Spells              Type           Power      Damage    Failure   Level
a - Confusing Touch       Hex            35%        N/A       1%          3
b - Tukima's Dance        Hex            35%        N/A       1%          3
c - Ensorcelled Hibernat  Hex/Ice        62%        N/A       1%          2
d - Dazzling Flash        Conj/Hex       62%        N/A       1%          3

Your spell library contained the following spells:

 Spells                   Type           Power      Damage    Failure   Level


Dungeon Overview and Level Annotations

Branches:
Dungeon (1/1)

Altars:
Cheibriados
Dithmenos
Elyvilon
Fedhas
Gozag
Hepliaklqana
Kikubaaqudgha
Makhleb
Nemelex Xobeh
Okawaru
Qazlal
Ru
Sif Muna
Trog
Uskayaw
Vehumet
Wu Jian
Xom
Yredelemnul
Zin
The Shining One
Jiyva
Lugonu

Shops:
D *

Annotations:
D Sonja


Innate Abilities, Weirdness & Mutations

You have very sharp teeth.
Your uncanny sense of smell can sniff out nearby items.
Your experience applies equally to all skills.


Message History

The demonic crawler completely misses you.
The demonic crawler closely misses you. The demonic crawler hits you! x3
The demonic crawler misses you.
Aiming: Iceblast
Press: ? - help, Shift-Dir - straight line The mass of ice explodes!
The iceblast engulfs the demonic crawler!
The demonic crawler partially resists.
The demonic crawler is lightly wounded.
The iceblast engulfs the demonic crawler!!
The demonic crawler partially resists.
The demonic crawler is moderately wounded.
The demonic crawler barely misses you. x3
Unknown command.
Aiming: Iceblast
Press: ? - help, Shift-Dir - straight line, f - demonic crawler
Aim: a demonic crawler (moderately wounded)
The mass of ice explodes!
The iceblast engulfs the demonic crawler!!
The demonic crawler partially resists.
The demonic crawler is severely wounded.
The iceblast engulfs the demonic crawler.
The demonic crawler is lightly wounded.
The demonic crawler hits you! The demonic crawler misses you.
The demonic crawler hits you!
Sonja, the Graceful Assassin comes into view.
She is wielding a +1 short sword of venom and quivering curare-tipped darts.
Press: ? - help, v - describe, . - travel
Here: a ballistomycete spore (wandering, hasn't noticed you)
The floor.
Unknown command.
Okay, then.
Unknown command.
The demonic crawler attacks as you move away!
The demonic crawler hits you!
* * * LOW HITPOINT WARNING * * *
The demonic crawler hits you but does no damage.
The demonic crawler hits you!
* * * LOW HITPOINT WARNING * * *
The demonic crawler hits you.
You die...

##########################
#<.#.)').#.[@s.#__#..).).#∆∆
#..'..#..'..#s.'..'..#...##+#
#..#####'#####'#__####..s'..#
#..####..#...#.####∆∆#####9.+
#..#__####..##*# ∆∆ ##
#..#_____##'#_K'
#⌠⌠#_.∩...'..._#§ ∆∆
####_..__##_.#'##'
∆∆#_____###s#[#∆$)∆ ∆


You could see 2 demonic crawlers.

Vanquished Creatures
  A lindwurm (D)
  2 kobold demonologists (D)
  A hornet (D)
  A slime creature (D)
  Sigmund (D)
  A yak (D)
  A floating eye (D)
  An ogre (D)
  A jelly (D)
  Ijyb (D)
11 creatures vanquished.

Notes
Turn   | Place    | Note
-------+----------+-------------------------------------------
     0 | D        | jfcaron the Gnoll Enchanter began the quest for the Orb.
     0 | D        | Reached XP level 1. HP: 13/13 MP: 6/6
     3 | D        | Noticed Ijyb
     5 | D        | Killed Ijyb
     6 | D        | Reached skill level 1 in Fighting
     6 | D        | Reached skill level 1 in Long Blades
     6 | D        | Reached skill level 1 in Axes
     6 | D        | Reached skill level 1 in Maces & Flails
     6 | D        | Reached skill level 1 in Polearms
     6 | D        | Reached skill level 1 in Staves
     6 | D        | Reached skill level 1 in Slings
     6 | D        | Reached skill level 1 in Bows
     6 | D        | Reached skill level 1 in Crossbows
     6 | D        | Reached skill level 1 in Throwing
     6 | D        | Reached skill level 1 in Armour
     6 | D        | Reached skill level 6 in Stealth
     6 | D        | Reached skill level 1 in Shields
     6 | D        | Reached skill level 1 in Unarmed Combat
     6 | D        | Reached skill level 5 in Spellcasting
     6 | D        | Reached skill level 1 in Conjurations
     6 | D        | Reached skill level 1 in Summonings
     6 | D        | Reached skill level 1 in Necromancy
     6 | D        | Reached skill level 1 in Translocations
     6 | D        | Reached skill level 1 in Transmutations
     6 | D        | Reached skill level 1 in Fire Magic
     6 | D        | Reached skill level 1 in Ice Magic
     6 | D        | Reached skill level 1 in Air Magic
     6 | D        | Reached skill level 1 in Earth Magic
     6 | D        | Reached skill level 1 in Poison Magic
     6 | D        | Reached skill level 1 in Evocations
     6 | D        | Reached XP level 2. HP: 22/22 MP: 8/8
     6 | D        | Reached XP level 3. HP: 27/27 MP: 9/9
    23 | D        | Learned a level 3 spell: Confusing Touch
    27 | D        | Learned a level 3 spell: Tukima's Dance
    30 | D        | Learned a level 2 spell: Ensorcelled Hibernation
    34 | D        | Learned a level 3 spell: Dazzling Flash
    47 | D        | Noticed an ogre
    52 | D        | HP: 5/27 [ogre/+0 giant club (19)]
    53 | D        | Killed an ogre
    54 | D        | Reached skill level 5 in Dodging
    54 | D        | Reached XP level 4. HP: 7/35 MP: 4/11
   332 | D        | Noticed Sigmund
   337 | D        | Killed Sigmund
   338 | D        | Reached skill level 5 in Short Blades
   338 | D        | Reached skill level 7 in Stealth
   338 | D        | Reached XP level 5. HP: 41/43 MP: 5/14
   338 | D        | Reached XP level 6. HP: 47/49 MP: 5/15
   428 | D        | Found an ornate altar of the Wu Jian Council.
   428 | D        | Found a shimmering blue altar of Sif Muna.
   430 | D        | Found a radiant altar of Vehumet.
   442 | D        | Reached skill level 5 in Invocations
   535 | D        | Became a worshipper of Sif Muna the Loreminder
   554 | D        | Found Tuffix's Assorted Antiques.
   554 | D        | Found an ancient bone altar of Kikubaaqudgha.
   554 | D        | Found a hazy altar of Hepliaklqana.
   554 | D        | Found a stormy altar of Qazlal.
   554 | D        | Found a hide-covered altar of Uskayaw.
   554 | D        | Found a blossoming altar of Fedhas.
   554 | D        | Found a bloodstained altar of Trog.
   554 | D        | Found an iron altar of Okawaru.
   554 | D        | Found a basalt altar of Yredelemnul.
   554 | D        | Found a glowing golden altar of the Shining One.
   554 | D        | Found a snail-covered altar of Cheibriados.
   554 | D        | Found a sacrificial altar of Ru.
   554 | D        | Found a glowing silver altar of Zin.
   554 | D        | Found a shadowy altar of Dithmenos.
   554 | D        | Found a white marble altar of Elyvilon.
   554 | D        | Noticed a yak
   555 | D        | Found an opulent altar of Gozag.
   563 | D        | Found a sparkling altar of Nemelex Xobeh.
   564 | D        | Killed a yak
   565 | D        | Reached skill level 5 in Fighting
   565 | D        | Reached skill level 5 in Long Blades
   565 | D        | Reached skill level 5 in Axes
   565 | D        | Reached skill level 5 in Maces & Flails
   565 | D        | Reached skill level 5 in Polearms
   565 | D        | Reached skill level 5 in Staves
   565 | D        | Reached skill level 5 in Slings
   565 | D        | Reached skill level 5 in Bows
   565 | D        | Reached skill level 5 in Crossbows
   565 | D        | Reached skill level 5 in Throwing
   565 | D        | Reached skill level 5 in Armour
   565 | D        | Reached skill level 8 in Stealth
   565 | D        | Reached skill level 5 in Shields
   565 | D        | Reached skill level 5 in Unarmed Combat
   565 | D        | Reached skill level 5 in Evocations
   565 | D        | Reached XP level 7. HP: 56/56 MP: 13/17
   570 | D        | Bought a scroll labelled USHUS RUED for 23 gold pieces
   570 | D        | Bought a scroll labelled WETAIP TOFEKEO for 23 gold pieces
   570 | D        | Bought a scroll labelled VEGAW MUEHU for 23 gold pieces
   570 | D        | Bought a scroll labelled VEGAW MUEHU for 23 gold pieces
   570 | D        | Bought a scroll labelled TOSKIT ACINO for 23 gold pieces
   589 | D        | Found a burning altar of Makhleb.
   589 | D        | Found a viscous altar of Jiyva.
   589 | D        | Found a shimmering altar of Xom.
   589 | D        | Found a corrupted altar of Lugonu.
   589 | D        | Noticed a slime creature
   592 | D        | Killed a slime creature
   610 | D        | Noticed a kobold demonologist
   610 | D        | Noticed a kobold demonologist
   611 | D        | Noticed a red devil
   611 | D        | Reached * piety under Sif Muna
   612 | D        | Killed a kobold demonologist
   613 | D        | Reached skill level 5 in Conjurations
   613 | D        | Reached skill level 5 in Summonings
   613 | D        | Reached skill level 5 in Necromancy
   613 | D        | Reached skill level 5 in Translocations
   613 | D        | Reached skill level 5 in Transmutations
   613 | D        | Reached skill level 5 in Fire Magic
   613 | D        | Reached skill level 5 in Ice Magic
   613 | D        | Reached skill level 5 in Air Magic
   613 | D        | Reached skill level 5 in Earth Magic
   613 | D        | Reached skill level 5 in Poison Magic
   613 | D        | Reached XP level 8. HP: 64/64 MP: 20/20
   615 | D        | Killed a kobold demonologist
   616 | D        | Reached skill level 9 in Stealth
   638 | D        | Noticed a demonic crawler
   638 | D        | Noticed a demonic crawler
   638 | D        | Noticed a demonic crawler
   638 | D        | Noticed a demonic crawler
   645 | D        | Noticed a gargoyle
   664 | D        | Noticed a hornet
   665 | D        | Noticed a centaur warrior
   906 | D        | Killed a hornet
   917 | D        | Noticed a lindwurm
   921 | D        | Killed a lindwurm
   921 | D        | Reached ** piety under Sif Muna
   922 | D        | Reached XP level 9. HP: 72/72 MP: 18/21
   930 | D        | Noticed Sonja
   931 | D        | HP: 6/72 [demonic crawler (11)]
   931 | D        | Slain by a demonic crawler

Illustrated notes

Levels and vault maps discovered:
D:        dungeon_sprint_1 [red_sonja_temple_1, red_sonja_temple_small_1]

Skill      XL: |  1  2  3  4  5  6  7  8 |
---------------+-------------------------+-----
Fighting       | 1 3 4 5 6 7 |  7.1
Short Blades   | 3 4 5 6 7 |  7.6
Long Blades    | 1 3 4 5 6 7 |  7.1
Axes           | 1 3 4 5 6 7 |  7.1
Maces & Flails | 1 3 4 5 6 7 |  7.1
Polearms       | 1 3 4 5 6 7 |  7.1
Staves         | 1 3 4 5 6 7 |  7.1
Slings         | 1 3 4 5 6 7 |  7.1
Bows           | 1 3 4 5 6 7 |  7.1
Crossbows      | 1 3 4 5 6 7 |  7.1
Throwing       | 1 3 4 5 6 7 |  7.1
Armour         | 1 3 4 5 6 7 |  7.1
Stealth        | 6 7 8 9 |  9.4
Shields        | 1 3 4 5 6 7 |  7.1
Unarmed Combat | 1 3 4 5 6 7 |  7.1
Spellcasting   | 5 6 7 8 |  8.8
Conjurations   | 1 2 3 4 5 |  5.9
Summonings     | 1 2 3 4 5 |  5.9
Necromancy     | 1 2 3 4 5 |  5.9
Translocations | 1 2 3 4 5 |  5.9
Transmutations | 1 2 3 4 5 |  5.9
Fire Magic     | 1 2 3 4 5 |  5.9
Ice Magic      | 1 2 3 4 5 |  5.9
Air Magic      | 1 2 3 4 5 |  5.9
Earth Magic    | 1 2 3 4 5 |  5.9
Poison Magic   | 1 2 3 4 5 |  5.9
Invocations    | 2 3 4 5 6 7 |  7.8
Evocations     | 1 3 4 5 6 7 |  7.1
Dodging        | 5 6 7 8 |  8.5
Hexes          | 6 7 8 |  8.1

Action                   |  1- 3 |  4- 6 |  7- 9 || total
-------------------------+-------+-------+-------++-------
Melee: Dagger            |     6 |    14 |     6 ||    26
       Punch             |     1 |       |       ||     1
       Bite              |       |     1 |     1 ||     2
 Cast: Confusing Touch   |     1 |     5 |       ||     6
       Ensorcelled Hiber |     1 |     1 |     4 ||     6
       Tukima's Dance    |       |     1 |     5 ||     6
       Dazzling Flash    |       |       |     2 ||     2
Evoke: Wand              |       |     2 |     4 ||     6
  Use: Potion            |       |     1 |     2 ||     3
       Scroll            |       |       |     6 ||     6
 Stab: Sleeping          |     2 |     3 |     3 ||     8
       Confused          |     2 |     3 |       ||     5
Armor: Robe              |       |     2 |     4 ||     6
Dodge: Dodged            |     1 |     5 |    24 ||    30

Table legend: (Time is in decaauts)
 A = Elapsed time spent in this place.
 B = Non-inter-level travel time spent in this place.
 C = Inter-level travel time spent in this place.
 D = Time resting spent in this place.
 E = Time spent auto-exploring this place.
 F = Levels seen in this place.
 G = Mean time per level.
                   A        B        C        D        E       F      G
               +--------+--------+--------+--------+--------+-----+--------+
         Total |    905 |    905 |      0 |    636 |      0 |   1 |  905.0 |
       Dungeon |    905 |    905 |      0 |    636 |      0 |   1 |  905.0 |
               +--------+--------+--------+--------+--------+-----+--------+

Top non-repeatable levels by time:
       D: 905 daAuts
